PL
NORTHERN VIRGINIA RAINBOW MERMAIDS @ WIZARDING EXPRESS
09/01/2029
 
TOP OF THE 1ST
Northern Virginia Rainbow Mermaids batting - Pitching for Wizarding Express : LHP Charles Dobson
Pitching: LHP Charles Dobson
Batting: RHB Colt Cabana 0-0: Ground out 5-3 (Groundball, 5S)
Batting: RHB Brett Callison 0-0: DOUBLE (Line Drive, 7LS)
Batting: RHB Alfredo Pizarro 0-0: Ball
1-0: Fly out, F9 (Flyball, 9D)
Runner from 2nd tags up, SAFE at 3rd, no throw
Batting: RHB Ed Adams 0-0: Ball
1-0: Ball
2-0: Ground out 5-3 (Groundball, 56)
Top of the 1st over - 0 runs, 1 hit, 0 errors, 1 left on base; Northern Virginia 0 - Wizarding 0
BOTTOM OF THE 1ST
Wizarding Express batting - Pitching for Northern Virginia Rainbow Mermaids : RHP Mimosa Joseph
Pitching: RHP Mimosa Joseph
Batting: LHB José Corona 0-0: Ball
1-0: Foul Ball, location: 2F
1-1: Ball
2-1: Called Strike
2-2: Strikes out swinging
Batting: SHB Salvador Trevino 0-0: SINGLE (Line Drive, 89S)
Batting: RHB António Martínez 0-0: Ball
1-0: Called Strike
1-1: Ball
2-1: Ball
3-1: Called Strike
3-2: Foul Ball, location: 2F
3-2: Base on Balls
Salvador Trevino to second
Batting: LHB Nathan Tanner 0-0: Called Strike
0-1: Ball
1-1: Foul Ball, location: 2F
1-2: Single, Error in OF, E9, batter to second base
Salvador Trevino scores
António Martínez to third
Batting: SHB Fernando Sánchez 0-0: Fly out, F8 (Flyball, 8LS)
Runner from 3rd tags up, SCORES, no throw
Batting: LHB António Boccanegra 0-0: Foul Ball, location: 2F
0-1: Ball
1-1: Ball
2-1: Ground out 6-3 (Groundball, 6M)
Bottom of the 1st over - 2 runs, 2 hits, 1 error, 1 left on base; Northern Virginia 0 - Wizarding 2
TOP OF THE 2ND
Northern Virginia Rainbow Mermaids batting - Pitching for Wizarding Express : LHP Charles Dobson
Batting: RHB Shohei Kiyomizu 0-0: Ball
1-0: Ball
2-0: Called Strike
2-1: Called Strike
2-2: Foul Ball, location: 2F
2-2: Ball
3-2: Base on Balls
Batting: SHB Eustacio Tafalla 0-0: Swinging Strike
0-1: Ball
1-1: Ball
2-1: Ball
3-1: SINGLE (Flyball, 9LS)
Shohei Kiyomizu to second
Runner from 2nd tries for 3rd, SAFE, no throw
Batting: RHB Arlen Joysey 0-0: Fly out, F7 (Line Drive, 7LM)
Runner from 3rd tags up, SCORES, no throw
Batting: RHB Mike Strickland 0-0: Ball
1-0: Ball
2-0: Called Strike
2-1: Ball
3-1: Base on Balls
Eustacio Tafalla to second
Pitching: LHP Dorian Daly
Batting: RHB Lionel McCloud 0-0: Ball
1-0: Foul Ball, location: 2F
1-1: Called Strike
1-2: Ball
2-2: Strikes out looking
Batting: RHB Colt Cabana 0-0: Ball
1-0: Called Strike
1-1: Ball
2-1: Swinging Strike
2-2: Ball
3-2: Strikes out swinging
Top of the 2nd over - 1 run, 1 hit, 0 errors, 2 left on base; Northern Virginia 1 - Wizarding 2
BOTTOM OF THE 2ND
Wizarding Express batting - Pitching for Northern Virginia Rainbow Mermaids : RHP Mimosa Joseph
Batting: RHB Ralph Cranford 0-0: SINGLE (Line Drive, 7LS)
Batting: LHB David Breitling 0-0: Ball
1-0: Ball
2-0: Called Strike
2-1: Fly out, F7 (Flyball, 78XD)
Batting: RHB Frank Grimes 0-0: Ball
1-0: Called Strike
1-1: Swinging Strike
1-2: Ball
2-2: Foul Ball, location: 2F
2-2: Strikes out looking
Batting: LHB José Corona 0-0: Ball
1-0: Fielders Choice at 2nd, 5-4 (Groundball, 5L)
Bottom of the 2nd over - 0 runs, 1 hit, 0 errors, 1 left on base; Northern Virginia 1 - Wizarding 2
TOP OF THE 3RD
Northern Virginia Rainbow Mermaids batting - Pitching for Wizarding Express : LHP Dorian Daly
Batting: RHB Brett Callison 0-0: Ball
1-0: Ball
2-0: Ball
3-0: Base on Balls
Batting: RHB Alfredo Pizarro 0-0: Ball
1-0: Ball
2-0: Foul Ball, location: 2F
2-1: Ball
3-1: Called Strike
3-2: Strikes out swinging
Batting: RHB Ed Adams 0-0: Called Strike
0-1: Foul Ball, location: 2F
0-2: Ball
1-2: Foul Ball, location: 2F
1-2: Foul Ball, location: 2F
1-2: Strikes out swinging
Batting: RHB Shohei Kiyomizu 0-0: Ball
1-0: Ball
2-0: Ball
3-0: Base on Balls
Brett Callison to second
Batting: SHB Eustacio Tafalla 0-0: Fly out, F4 (Popup, 4MD)
Top of the 3rd over - 0 runs, 0 hits, 0 errors, 2 left on base; Northern Virginia 1 - Wizarding 2
BOTTOM OF THE 3RD
Wizarding Express batting - Pitching for Northern Virginia Rainbow Mermaids : RHP Mimosa Joseph
Batting: SHB Salvador Trevino 0-0: Ball
1-0: Swinging Strike
1-1: Called Strike
1-2: Strikes out looking
Batting: RHB António Martínez 0-0: SINGLE (Flyball, 78S)
Batting: LHB Nathan Tanner 0-0: Ball
1-0: Called Strike
1-1: Called Strike
1-2: Ball
2-2: Ball
3-2: Strikes out swinging
Batting: SHB Fernando Sánchez 0-0: Ball
António Martínez steals 2nd base
1-0: Ball
2-0: 2-RUN HOME RUN (Flyball, 9LD), Distance : 326 ft
Batting: LHB António Boccanegra 0-0: Called Strike
0-1: Ball
1-1: SINGLE (Groundball, 56D)
Batting: RHB Ralph Cranford 0-0: Ball
1-0: Fly out, F8 (Flyball, 8LM)
Bottom of the 3rd over - 2 runs, 3 hits, 0 errors, 1 left on base; Northern Virginia 1 - Wizarding 4
TOP OF THE 4TH
Northern Virginia Rainbow Mermaids batting - Pitching for Wizarding Express : LHP Dorian Daly
Batting: RHB Arlen Joysey 0-0: Foul Ball, location: 2F
0-1: Called Strike
0-2: Ball
1-2: Ground out 1-3 (Groundball, 15S)
Batting: RHB Mike Strickland 0-0: Foul Ball, location: 2F
0-1: Foul Ball, location: 2F
0-2: Ball
1-2: Foul Ball, location: 2F
1-2: Fly out, F5 (Line Drive, 56S)
Batting: RHB Lionel McCloud 0-0: Called Strike
0-1: Ball
1-1: Ground out 6-3 (Groundball, 6)
Top of the 4th over - 0 runs, 0 hits, 0 errors, 0 left on base; Northern Virginia 1 - Wizarding 4
BOTTOM OF THE 4TH
Wizarding Express batting - Pitching for Northern Virginia Rainbow Mermaids : RHP Mimosa Joseph
Batting: LHB David Breitling 0-0: Ball
1-0: SOLO HOME RUN (Flyball, 9LD), Distance : 335 ft
Batting: RHB Frank Grimes 0-0: Ball
1-0: Fly out, F9 (Line Drive, 9S)
Batting: LHB José Corona 0-0: Ball
1-0: Ball
2-0: Ball
3-0: Called Strike
3-1: SINGLE (Line Drive, 8RS)
Batting: SHB Salvador Trevino 0-0: Ball
1-0: Swinging Strike
1-1: Swinging Strike
1-2: Fly out, F8 (Flyball, 8RM)
Batting: RHB António Martínez 0-0: Ball
1-0: Foul Ball, location: 2F
1-1: Fielders Choice at 2nd, 5-4 (Groundball, 56)
Bottom of the 4th over - 1 run, 2 hits, 0 errors, 1 left on base; Northern Virginia 1 - Wizarding 5
TOP OF THE 5TH
Northern Virginia Rainbow Mermaids batting - Pitching for Wizarding Express : LHP Dorian Daly
Batting: RHB Colt Cabana 0-0: Ball
1-0: Called Strike
1-1: Foul Ball, location: 2F
1-2: Ball
2-2: Fly out, F8 (Flyball, 8LM)
Batting: RHB Brett Callison 0-0: Called Strike
0-1: Foul Ball, location: 2F
0-2: Strikes out swinging
Batting: RHB Alfredo Pizarro 0-0: Called Strike
0-1: Ball
1-1: Ball
2-1: Ball
3-1: Foul Ball, location: 2F
3-2: Base on Balls
Batting: RHB Ed Adams 0-0: Ball
1-0: Ball
2-0: Fly out, F7 (Flyball, 78M)
Top of the 5th over - 0 runs, 0 hits, 0 errors, 1 left on base; Northern Virginia 1 - Wizarding 5
BOTTOM OF THE 5TH
Wizarding Express batting - Pitching for Northern Virginia Rainbow Mermaids : RHP Mimosa Joseph
Batting: LHB Nathan Tanner 0-0: Ball
1-0: Ground out 5-3 (Groundball, 56S)
Batting: SHB Fernando Sánchez 0-0: Swinging Strike
0-1: Swinging Strike
0-2: Ball
1-2: Strikes out looking
Batting: LHB António Boccanegra 0-0: Ball
1-0: Foul Ball, location: 2F
1-1: Ball
2-1: Ground out 5-3 (Groundball, 5)
Bottom of the 5th over - 0 runs, 0 hits, 0 errors, 0 left on base; Northern Virginia 1 - Wizarding 5
TOP OF THE 6TH
Northern Virginia Rainbow Mermaids batting - Pitching for Wizarding Express : LHP Dorian Daly
Pitching: RHP Travis Carson
Batting: RHB Shohei Kiyomizu 0-0: Called Strike
0-1: Ball
1-1: Swinging Strike
1-2: Foul Ball, location: 2F
1-2: Ball
2-2: SINGLE (Groundball, 6D)
Batting: SHB Eustacio Tafalla 0-0: Fly out, F8 (Line Drive, 8LD)
Batting: RHB Arlen Joysey 0-0: Fly out, F7 (Flyball, 7S)
Batting: RHB Mike Strickland 0-0: Ball
1-0: Called Strike
1-1: Foul Ball, location: 2F
1-2: Ball
2-2: Strikes out swinging
Top of the 6th over - 0 runs, 1 hit, 0 errors, 1 left on base; Northern Virginia 1 - Wizarding 5
BOTTOM OF THE 6TH
Wizarding Express batting - Pitching for Northern Virginia Rainbow Mermaids : RHP Mimosa Joseph
Pitching: RHP Ángel Navarro
Batting: RHB Ralph Cranford 0-0: Ball
1-0: Called Strike
1-1: SINGLE (Groundball, 56D)
Pitching: RHP Christian Mustard
Batting: LHB David Breitling 0-0: Bunted foul
0-1: Sac Bunt - play at first, batter OUT! 1-4
Ralph Cranford to second
Batting: RHB Frank Grimes 0-0: Ball
1-0: Called Strike
1-1: Foul Ball, location: 2F
1-2: Strikes out swinging
Batting: LHB José Corona 0-0: Ball
1-0: Ball
2-0: Fly out, F9 (Line Drive, 9)
Bottom of the 6th over - 0 runs, 1 hit, 0 errors, 1 left on base; Northern Virginia 1 - Wizarding 5
TOP OF THE 7TH
Northern Virginia Rainbow Mermaids batting - Pitching for Wizarding Express : RHP Travis Carson
Batting: RHB Lionel McCloud 0-0: Called Strike
0-1: Called Strike
0-2: Ball
1-2: Ball
2-2: Ball
3-2: Foul Ball, location: 2F
3-2: Foul Ball, location: 2F
3-2: Fly out, F6 (Popup, 6MS)
Batting: RHB Colt Cabana 0-0: Foul Ball, location: 2F
0-1: Ball
1-1: Called Strike
1-2: Ball
2-2: Ball
3-2: Base on Balls
Batting: RHB Brett Callison 0-0: Foul Ball, location: 2F
0-1: Ball
1-1: Swinging Strike
1-2: Foul Ball, location: 2F
1-2: Ball
2-2: SINGLE (Flyball, 9LS)
Colt Cabana to second
Runner from 2nd tries for 3rd, SAFE, throw made to third
Batting: RHB Alfredo Pizarro 0-0: Called Strike
0-1: Ball
1-1: Foul Ball, location: 2F
1-2: Ball
2-2: Foul Ball, location: 2F
2-2: Ground out U3 (Groundball, 3)
Colt Cabana scores
Brett Callison to second
Batting: RHB Ed Adams 0-0: Ball
1-0: Foul Ball, location: 2F
1-1: Swinging Strike
1-2: Ground out 1-3 (Groundball, P)
Top of the 7th over - 1 run, 1 hit, 0 errors, 1 left on base; Northern Virginia 2 - Wizarding 5
BOTTOM OF THE 7TH
Wizarding Express batting - Pitching for Northern Virginia Rainbow Mermaids : RHP Christian Mustard
Batting: SHB Salvador Trevino 0-0: Called Strike
0-1: Called Strike
0-2: Ball
1-2: Foul Ball, location: 2F
1-2: Ball
2-2: Ground out 5-3 (Groundball, 56)
Batting: RHB António Martínez 0-0: Called Strike
0-1: Ball
1-1: Called Strike
1-2: Ball
2-2: Ball
3-2: Base on Balls
Batting: LHB Nathan Tanner 0-0: Called Strike
0-1: Ball
1-1: Ball
2-1: Ball
António Martínez is caught stealing 2nd base
3-1: SINGLE (Line Drive, 6D)
Batting: SHB Fernando Sánchez 0-0: Ball
1-0: Ball
2-0: Called Strike
2-1: Ball
3-1: Fly out, F4 (Line Drive, 4)
Bottom of the 7th over - 0 runs, 1 hit, 0 errors, 1 left on base; Northern Virginia 2 - Wizarding 5
TOP OF THE 8TH
Northern Virginia Rainbow Mermaids batting - Pitching for Wizarding Express : RHP Travis Carson
Batting: RHB Shohei Kiyomizu 0-0: Ball
1-0: Ball
2-0: SINGLE (Groundball, 6MD)
Batting: SHB Eustacio Tafalla 0-0: SINGLE (Line Drive, 6)
Shohei Kiyomizu to second
Batting: RHB Arlen Joysey 0-0: Called Strike
0-1: Ball
1-1: Ball
2-1: SINGLE (Flyball, 7LS)
Shohei Kiyomizu to third
Eustacio Tafalla to second
Pitching: RHP Enrico Reséndez
Pinch Hitting: LHB Roberto Sánchez 0-0: Called Strike
0-1: Called Strike
0-2: Ball
1-2: Ball
2-2: Foul Ball, location: 2F
2-2: Strikes out looking
Pinch Hitting: LHB Rafael Sánchez 0-0: Called Strike
0-1: Ball
1-1: Ball
2-1: DOUBLE (Line Drive, 9LM)
Shohei Kiyomizu scores
Eustacio Tafalla scores
Arlen Joysey to third
Runner from 3rd tries for Home, SAFE, no throw
Batting: RHB Colt Cabana 0-0: Ball
1-0: Called Strike
1-1: Foul Ball, location: 2F
1-2: Strikes out swinging
Batting: RHB Brett Callison 0-0: Ball
1-0: Called Strike
1-1: Ball
2-1: Called Strike
2-2: Ball
3-2: Base on Balls
Batting: RHB Alfredo Pizarro 0-0: Called Strike
0-1: Foul Ball, location: 2F
0-2: Ball
1-2: Strikes out looking
Top of the 8th over - 3 runs, 4 hits, 0 errors, 2 left on base; Northern Virginia 5 - Wizarding 5
BOTTOM OF THE 8TH
Wizarding Express batting - Pitching for Northern Virginia Rainbow Mermaids : RHP Christian Mustard
Pitching: RHP David Hudson
Now at 1B: Roberto Sánchez
Batting: LHB António Boccanegra 0-0: Ball
Now at 1B: Guillermo Arellano 1-0: Foul Ball, location: 2F
1-1: Ball
2-1: Foul Ball, location: 2F
2-2: Foul Ball, location: 2F
2-2: Ground out 4-3 (Groundball, 4)
Batting: RHB Ralph Cranford 0-0: Ground out 5-3 (Groundball, 56S)
Batting: LHB David Breitling 0-0: Ball
1-0: Ball
2-0: Swinging Strike
2-1: Swinging Strike
2-2: Ball
3-2: Foul Ball, location: 2F
3-2: Strikes out swinging, 2-3 out at first.
Bottom of the 8th over - 0 runs, 0 hits, 0 errors, 0 left on base; Northern Virginia 5 - Wizarding 5
TOP OF THE 9TH
Northern Virginia Rainbow Mermaids batting - Pitching for Wizarding Express : RHP Enrico Reséndez
Batting: RHB Ed Adams 0-0: Ball
1-0: Foul Ball, location: 2F
1-1: Ball
2-1: Ground out 6-3 (Groundball, 6)
Batting: RHB Shohei Kiyomizu 0-0: Foul Ball, location: 2F
0-1: Swinging Strike
0-2: Ball
1-2: Strikes out swinging
Batting: SHB Eustacio Tafalla 0-0: Ball
1-0: Called Strike
1-1: DOUBLE (Line Drive, 9LS)
Batting: RHB Arlen Joysey 0-0: Ball
1-0: Fly out, F4 (Popup, 34D)
Top of the 9th over - 0 runs, 1 hit, 0 errors, 1 left on base; Northern Virginia 5 - Wizarding 5
BOTTOM OF THE 9TH
Wizarding Express batting - Pitching for Northern Virginia Rainbow Mermaids : RHP David Hudson
Batting: RHB Frank Grimes 0-0: Ball
1-0: Called Strike
1-1: Foul Ball, location: 2F
1-2: Foul Ball, location: 2F
1-2: Strikes out swinging
Batting: LHB José Corona 0-0: Called Strike
0-1: Called Strike
0-2: Ball
1-2: Foul Ball, location: 2F
1-2: Foul Ball, location: 2F
1-2: Foul Ball, location: 2F
1-2: Strikes out swinging
Batting: SHB Salvador Trevino 0-0: Called Strike
0-1: Called Strike
0-2: Ball
1-2: Strikes out swinging
Bottom of the 9th over - 0 runs, 0 hits, 0 errors, 0 left on base; Northern Virginia 5 - Wizarding 5
TOP OF THE 10TH
Northern Virginia Rainbow Mermaids batting - Pitching for Wizarding Express : RHP Enrico Reséndez
Pitching: LHP Ming-jiang Wu
Batting: LHB Roberto Sánchez 0-0: Ball
1-0: Called Strike
1-1: Swinging Strike
1-2: Ball
2-2: Ball
3-2: Strikes out swinging
Pinch Hitting: RHB Kade Knowles 0-0: Called Strike
0-1: Ball
1-1: DOUBLE (Line Drive, 7LM)
Batting: RHB Colt Cabana 0-0: Ball
1-0: Called Strike
1-1: Fly out, F2 (Popup, 2RF)
Batting: RHB Brett Callison 0-0: Ground out 5-3 (Groundball, 56S)
Top of the 10th over - 0 runs, 1 hit, 0 errors, 1 left on base; Northern Virginia 5 - Wizarding 5
BOTTOM OF THE 10TH
Wizarding Express batting - Pitching for Northern Virginia Rainbow Mermaids : RHP David Hudson
Pitching: LHP Ilie Paunescu
Now at 3B: Kade Knowles
Batting: RHB António Martínez 0-0: Foul Ball, location: 2F
0-1: Ball
1-1: SOLO HOME RUN (Flyball, 7LD), Distance : 322 ft
Tuesday, December 19th, 2017 - OOTP Baseball 18.8 Build 76